 Dungeon Crawl Stone Soup version 0.31-a0-1321-g5021b54cb2 (webtiles) character file.

Game seed: 5365966710095293103

685 Sonofthefire the Changeling (level 7, -13/47 HPs)
             Began as an Octopode Shapeshifter on Dec 20, 2023.
             Mangled by an ogre
             ... wielding a +0 giant club
              (32 damage)
             ... on level 5 of the Dungeon.
             The game lasted 00:05:39 (3879 turns).

Sonofthefire the Changeling (Octopode Shapeshifter) Turns: 3879, Time: 00:05:39

Health: -13/47     AC:  1    Str: 15    XL:     7   Next: 62%
Magic:  7/7        EV: 13    Int:  9    God:
Gold:   131        SH:  0    Dex: 15    Spells: 6/6 levels left

rFire   . . .        n - +4 short sword of Wisdom {vamp, rPois Int-4 Dex+4}
rCold   . . .        (no shield)
rNeg    + . .        (helmet currently unavailable)
rPois   +            e - amulet of faith
rElec   .            t - ring of positive energy
rCorr   .            (no ring)
SInv    .            (no ring)
Will    .....        (no ring)
Stlth   ++           (no ring)
HPRegen 0.27/turn    (no ring)
MPRegen 0.10/turn    (no ring)
                     (no ring)

%: faith
@: beast-form
A: beast (slay +3), almost no armour, amphibious, 8 rings, camouflage 1,
gelatinous body 1, (nimble swimmer 1), tentacles
a: Begin Untransformation


You were on level 5 of the Dungeon.
You were a hulking beast.
You visited 1 branch of the dungeon, and saw 5 of its levels.
You also visited: Sewer.

You collected 131 gold pieces.

Inventory:

Hand Weapons
 n - the +4 short sword of Wisdom (weapon) {vamp, rPois Int-4 Dex+4}
   (You found it on level 2 of the Dungeon)

   Int-4:     It affects your intelligence (-4).
   Dex+4:     It affects your dexterity (+4).
   rPois:     It protects you from poison
Missiles
 d - 5 atropa-tipped darts
 q - 41 poisoned darts
Jewellery
 e - an amulet of faith (around mantle)
 s - an amulet of magic regeneration
 t - a ring of positive energy (left tentacle)
 D - a ring of protection from cold
Talismans
 b - a beast talisman
 c - a flux talisman
 h - a maw talisman
 w - a serpent talisman
Wands
 r - a wand of digging (5)
Scrolls
 f - 2 scrolls of identify {unknown}
 g - a scroll of blinking {unknown}
 i - a scroll of revelation {unknown}
 p - 2 scrolls of teleportation {unknown}
 u - a scroll of poison {unknown}
 v - 2 scrolls of enchant armour {unknown}
 x - a scroll of brand weapon {unknown}
 y - a scroll of butterflies {unknown}
 A - 4 scrolls of enchant weapon {unknown}
Potions
 a - a potion of lignification
 j - 2 potions of curing {unknown}
 k - 2 potions of attraction {unknown}
 l - 3 potions of might {unknown}
 m - a potion of resistance {unknown}
 o - 2 potions of enlightenment {unknown}
 z - a potion of magic {unknown}
 B - a potion of haste {unknown}
 C - a potion of degeneration {unknown}
 E - a potion of mutation {unknown}
 F - 3 potions of invisibility {unknown}
 G - a potion of ambrosia {unknown}
 H - a potion of berserk rage {unknown}


   Skills:
 + Level 3.7 Fighting
 - Level 2.0 Dodging
 + Level 4.7 Unarmed Combat
 * Level 6.3 Shapeshifting


You had 6 spell levels left.
You didn't know any spells.
Your spell library contained the following spells:

 Spells                   Type           Power      Damage    Failure   Level
 Mercury Vapours          Alch/Air       0%         N/A       52%         2
 Mephitic Cloud           Conj/Alch/Air  0%         N/A       77%         3
 Freezing Cloud           Conj/Ice/Air   0%         6-21      100%        5


Dungeon Overview and Level Annotations

Branches:
Dungeon (5/15)              Sewer (visited)
 Temple: D:4-7

Altars:
Qazlal
Sif Muna
Trog
Uskayaw
Vehumet
Wu Jian
Xom

Annotations:
D:4 2 transporters, lucidstorm14's ghost, amateur MiBe


Innate Abilities, Weirdness & Mutations

You are a hulking beast.
Your limbs bulge with bestial killing power. (Slay +3)
You cannot wear most types of armour.
You are amphibious.
You can wear up to eight rings at the same time.
Your skin changes colour to match your surroundings (Stealth+).
Your rubbery body absorbs attacks. (AC +1, EV +1)
((You are camouflaged when in or above water. (Stealth+)))
You have tentacles for arms and can constrict up to eight enemies at once.


Message History

Found a stone staircase leading down.
H - a metallic dark potion
Found an amulet of magic regeneration.
Found 9 stones.
An ogre comes into view. It is wielding a +0 giant club.
The ogre shouts!
An ogre is nearby!
An ogre is nearby!
An ogre is nearby!
An ogre is nearby!
Found a There-And-Back Book.
The ogre closely misses you.
You see here a book of Party Tricks.
You hit the ogre.
The ogre is lightly wounded.
You hit the ogre. You squeeze the ogre, but do no damage.
The ogre is lightly wounded.
The ogre hits you with a +0 giant club!!
Ouch! That really hurt!
You are too injured to fight recklessly!
You are too injured to fight recklessly!
You are too injured to fight recklessly!
You are too injured to fight recklessly!
You are too injured to fight recklessly!
You are too injured to fight recklessly!
You are too injured to fight recklessly!
You are too injured to fight recklessly!
An ogre is nearby!
You completely miss the ogre.
The ogre is lightly wounded.
The ogre misses you.
You hit the ogre.
You feel better.
You squeeze the ogre!
The ogre is almost dead.
You barely miss the ogre.
The ogre is almost dead.
The ogre closely misses you.
You barely miss the ogre. You squeeze the ogre.
The ogre is almost dead.
The ogre hits you with a +0 giant club!!
Ouch! That really hurt!
You die...

.......##........##.....
........#...#....##.#...
?...........##...##.#...
...?.........#....[.....
#.......<...##..##...#..
.?....#.....#..####..##.
.(..###......... #..##..
..".###.######.. ##.##..
.#.....h# . ..)...
##....O.# ###....
........... ##...
.#.....#..... .....
#..... ....... .....
....... ....... .....
#.#..## ...##.. .###.
###.. .... .: #. .


You could see an ogre.

Vanquished Creatures
  5 kobold brigands (Sewer)
  A hound (D:5)
  An orc priest (D:4)
  An iguana (D:4)
  12 adders
  5 river rats (Sewer)
  4 worms
  A dart slug (D:3)
  9 orcs
  7 ball pythons
  6 endoplasms
  3 giant cockroaches
  5 goblins
  2 hobgoblins
  12 jackals
  10 kobolds
  4 quokkas
  7 bats
  8 rats
103 creatures vanquished.

Notes
Turn   | Place    | Note
-------+----------+-------------------------------------------
     0 | D:1      | Sonofthefire the Octopode Shapeshifter began the quest for
                  | the Orb.
     0 | D:1      | Reached XP level 1. HP: 13/13 MP: 1/1
   306 | D:1      | Reached XP level 2. HP: 12/18 MP: 2/2
   549 | D:2      | Found a hide-covered altar of Uskayaw.
   557 | D:2      | Reached skill level 4 in Shapeshifting
   557 | D:2      | Reached XP level 3. HP: 23/23 MP: 3/3
   720 | D:2      | Identified the +4 short sword of Wisdom {vamp, rPois Int-4
                  | Dex+4}
   889 | D:2      | Found a faded altar of an unknown god.
   902 | D:2      | Reached XP level 4. HP: 28/28 MP: 4/4
  1984 | D:4      | Noticed lucidstorm14's ghost (amateur MiBe)
  1984 | D:4      | Found a transporter.
  2049 | D:4      | Found a shimmering blue altar of Sif Muna.
  2171 | D:4      | Reached XP level 5. HP: 34/34 MP: 5/5
  2235 | D:4      | Found a glowing drain.
  2248 | Sewer    | Entered a sewer
  2267 | Sewer    | Noticed a kobold brigand
  2267 | Sewer    | Noticed a kobold brigand
  2277 | Sewer    | Killed a kobold brigand
  2278 | Sewer    | Reached skill level 5 in Shapeshifting
  2283 | Sewer    | Killed a kobold brigand
  2284 | Sewer    | Reached XP level 6. HP: 41/41 MP: 6/6
  2696 | Sewer    | Reached XP level 7. HP: 40/46 MP: 7/7
  3045 | Sewer    | Reached skill level 6 in Shapeshifting
  3404 | D:4      | Found a transporter.
  3706 | D:5      | Entered Level 5 of the Dungeon
  3782 | D:5      | Found a bloodstained altar of Trog.
  3800 | D:5      | Found an ornate altar of the Wu Jian Council.
  3805 | D:5      | Identified the +5 quarterstaff of Uskayaw {drain, *Noise
                  | rElec rF++ rCorr}
  3806 | D:5      | Found a stormy altar of Qazlal.
  3810 | D:5      | Found a radiant altar of Vehumet.
  3819 | D:5      | Found a shimmering altar of Xom.
  3879 | D:5      | Mangled by an ogre

Illustrated notes

Levels and vault maps discovered:
D:1:      matt_arrival_refuge, layout_rooms, serial_glass, glass_columns_b,
          glass_columns_b, glass_columns_b, glass_columns_c, glass_columns_a,
          glass_columns_b, glass_columns_c, glass_columns_b,
          due_unseen_surprise, feat_on_display, item_on_display_a
D:2:      layout_loops_cross, hellmonk_ecumenical_altar_inner_sanctum,
          basic_altar
D:3:      layout_basic, serial_glass, glass_columns_a, glass_columns_c,
          serial_bayou_pond_c
D:4:      layout_loops_ring, mainiacjoe_overflow_concentric_impassable,
          gammafunk_ghost_arena, portal_sewer_entry_a
D:5:      layout_cave_pools, nicolae_overflow_macrodata_refinement,
          nzn_hepliaklqana_mist_gate, trog_three_pillars_becter,
          supply_closet_lemuel, nicolae_zig_zag_zippers

Skill      XL: |  1  2  3  4  5  6  7 |
---------------+----------------------+-----
Shapeshifting  | 4 5 6 |  6.3
Fighting       | 2 3 |  3.7
Unarmed Combat | 4 |  4.7
Dodging        | |  2.0

Action                     |  1- 3 |  4- 6 |  7- 9 || total
---------------------------+-------+-------+-------++-------
  Melee: Unarmed           |    43 |       |       ||    43
         Constrict         |    13 |    25 |    18 ||    56
         Tentacles         |     7 |    21 |    14 ||    42
         Punch             |     3 |     4 |       ||     7
         Short sword       |    12 |    86 |    68 ||   166
   Stab: Sleeping          |     8 |     5 |     3 ||    16
 Armour: Skin              |    19 |    31 |    24 ||    74
  Dodge: Dodged            |    34 |    44 |    35 ||   113

Table legend: (Time is in decaauts)
 A = Elapsed time spent in this place.
 B = Non-inter-level travel time spent in this place.
 C = Inter-level travel time spent in this place.
 D = Time resting spent in this place.
 E = Time spent auto-exploring this place.
 F = Levels seen in this place.
 G = Mean time per level.
                   A        B        C        D        E       F      G
               +--------+--------+--------+--------+--------+-----+--------+
         Total |   3873 |   3843 |     30 |    753 |   2376 |   6 |  645.5 |
       Dungeon |   2929 |   2899 |     30 |    366 |   2024 |   5 |  585.8 |
         Sewer |    944 |    944 |      0 |    387 |    352 |   1 |  944.0 |
               +--------+--------+--------+--------+--------+-----+--------+

Top non-repeatable levels by time:
   Sewer: 944 daAuts
     D:3: 941 daAuts
     D:4: 776 daAuts
     D:2: 594 daAuts
     D:1: 443 daAuts
     D:5: 172 daAuts
